 Dungeon Crawl Stone Soup version 0.30-a0-122-g2a1322497e (webtiles) character file.

Game seed: 2361182521466455234

60 ragingrage the Sneak (level 4, 0/26 HPs)
             Began as a Kobold Brigand on Sept 15, 2022.
             Slain by a goblin
             ... wielding a +0 club
             ... led by Robin
              (2 damage)
             ... on level 2 of the Dungeon.
             The game lasted 00:01:26 (1549 turns).

ragingrage the Sneak (Kobold Brigand)               Turns: 1549, Time: 00:01:26

Health: 0/26       AC:  3    Str:  8    XL:     4   Next: 25%
Magic:  4/4        EV: 14    Int: 12    God:
Gold:   74         SH:  0    Dex: 18    Spells: 3/3 levels left

rFire   . . .      SeeInvis .    i - +1 dagger (drain)
rCold   . . .      Faith    .    (no shield)
rNeg    . . .      Spirit   .    b - +0 robe
rPois   .          Reflect  .    (no helmet)
rElec   .          Harm     .    c - +0 cloak
rCorr   .          Rampage  .    (no gloves)
Will    .....                    (no boots)
Stlth   ++........               (no amulet)
HPRegen 0.08/turn                (no ring)
MPRegen 0.09/turn                (no ring)

@: confused, lethally poisoned (0 -> -10), ambrosia-drunk
A: small, no large weapons, nightstalker 3
a: no special abilities


You were on level 2 of the Dungeon.
You visited 1 branch of the dungeon, and saw 2 of its levels.

You collected 74 gold pieces.

Inventory:

Hand Weapons
 i - a +1 dagger of draining (weapon)
Missiles
 d - 9 poisoned darts (quivered)
 e - 3 curare-tipped darts
Armour
 b - a +0 robe (worn)
 c - a +0 cloak (worn)
Jewellery
 l - a ring of willpower
Scrolls
 g - 2 scrolls of torment {unknown}
 h - a scroll of amnesia {unknown}
 j - 3 scrolls of identify {unknown}
 m - a scroll of noise {unknown}
Potions
 a - a potion of flight {unknown}


   Skills:
 - Level 2.1 Fighting
 + Level 3.9 Short Blades
 + Level 3.2 Throwing
 - Level 1.2 Dodging
 + Level 6.1 Stealth


You had 3 spell levels left.
You didn't know any spells.
Your spell library was empty.

Dungeon Overview and Level Annotations

Branches:
Dungeon (2/15)

Altars:
Elyvilon

Annotations:
D:2 Terence


Innate Abilities, Weirdness & Mutations

You are small and have problems with some larger weapons.
You are completely attuned to the shadows.


Message History

The hobgoblin is moderately wounded.
The adder bites you.
You bump into the stone wall.
The goblin hits you with a +0 club. Terence closely misses you.
The hobgoblin barely misses you. The adder closely misses you.
You hit the goblin.
The goblin is heavily wounded.
The adder misses you. The goblin barely misses you.
Terence zaps a wand.
The puff of flame hits you! The hobgoblin hits you.
You hit the adder.
The adder is moderately wounded.
You feel less invigorated.
You feel less confused. The adder bites you but does no damage.
The goblin hits you but does no damage. Terence hits you but does no damage.
The hobgoblin hits you but does no damage.
You closely miss the adder.
The adder is moderately wounded.
The adder bites you.
You are poisoned.
The adder poisons you! The goblin hits you with a +0 club.
Terence hits you with a +0 short sword.
* * * LOW HITPOINT WARNING * * *
The hobgoblin hits you but does no damage.
You are confused.
You feel invigorated.
* * * LOW HITPOINT WARNING * * *
You feel sick. The adder misses you. The goblin hits you with a +0 club.
* * * LOW HITPOINT WARNING * * *
Terence barely misses you. The hobgoblin barely misses you.
The adder bites you.
* * * LOW HITPOINT WARNING * * *
You are more poisoned.
The adder poisons you!
Unknown command.
You hit the goblin.
The goblin is severely wounded.
* * * LOW HITPOINT WARNING * * *
You feel sick. The goblin hits you with a +0 club.
You die...

#.#####..####.......#<...#
#.......## #.......######
#.......# #####.........
#.......# #...#### #
#.##..### ##'''### ..
#.#..####### .......##
...#.#........# .♣...♣..##
...#.......gS.#
♣.♣.♣.♣..##
...........g@##
...♣...♣..# #..)g#.....@##
.♣.♣.♣.♣.. #.##†#.....##
.♣.♣...♣. # #.#.....#
.♣.♣.♣.♣ ....g#.....#
...♣... ###### .♣.♣.♣
.♣.♣. .♣.♣ ...


You could see Terence, an adder, a hobgoblin and a goblin.

Vanquished Creatures
  Robin (D:2)
  2 worms (D:2)
  A dart slug (D:1)
  3 endoplasms (D:1)
  A giant cockroach (D:1)
  6 goblins
  5 hobgoblins
  3 jackals (D:1)
  A quokka (D:1)
  3 ball pythons
  6 bats (D:1)
  3 kobolds (D:1)
  3 rats
38 creatures vanquished.

Notes
Turn   | Place    | Note
-------+----------+-------------------------------------------
     0 | D:1      | ragingrage the Kobold Brigand began the quest for the Orb.
     0 | D:1      | Reached XP level 1. HP: 12/12 MP: 1/1
   338 | D:1      | Reached XP level 2. HP: 17/17 MP: 2/2
   695 | D:1      | Reached XP level 3. HP: 21/21 MP: 3/3
  1333 | D:2      | Found a white marble altar of Elyvilon.
  1503 | D:2      | Noticed Robin
  1506 | D:2      | Reached skill level 6 in Stealth
  1512 | D:2      | Reached XP level 4. HP: 23/26 MP: 4/4
  1516 | D:2      | Noticed Terence
  1517 | D:2      | Killed Robin
  1524 | D:2      | HP: 1/26 [Terence/+0 short sword (5)]
  1548 | D:2      | HP: 1/26 [adder (2)]
  1549 | D:2      | Slain by a goblin

Illustrated notes

Levels and vault maps discovered:
D:1:      saegor_arrival_miasma, layout_loops_corners, kennysheep_boxes
D:2:      layout_basic, basic_altar, kennysheep_cluttered_room,
          minmay_stone_trees_small, uniq_terence, uniq_robin

Skill      XL: |  1  2  3 |
---------------+----------+-----
Short Blades   | 3 |  3.9
Throwing       | 3 |  3.2
Stealth        | 6 |  6.1
Fighting       | |  2.1
Dodging        | |  1.2

Action                   |  1- 3 |  4- 6 || total
-------------------------+-------+-------++-------
Melee: Dagger            |    63 |    20 ||    83
  Use: Potion            |       |     5 ||     5
 Stab: Sleeping          |    21 |       ||    21
Armor: Robe              |     6 |    11 ||    17
Dodge: Dodged            |    18 |    53 ||    71

Table legend: (Time is in decaauts)
 A = Elapsed time spent in this place.
 B = Non-inter-level travel time spent in this place.
 C = Inter-level travel time spent in this place.
 D = Time resting spent in this place.
 E = Time spent auto-exploring this place.
 F = Levels seen in this place.
 G = Mean time per level.
                   A        B        C        D        E       F      G
               +--------+--------+--------+--------+--------+-----+--------+
         Total |   1567 |   1522 |     45 |      0 |   1268 |   2 |  783.5 |
       Dungeon |   1567 |   1522 |     45 |      0 |   1268 |   2 |  783.5 |
               +--------+--------+--------+--------+--------+-----+--------+

Top non-repeatable levels by time:
     D:1: 1200 daAuts
     D:2: 367 daAuts
